Map: Ulrena

Players

greybonez - Winner!

  • Race: Terran Terran
  • League: Master

LilDicky

  • Race: Terran Terran
  • League: Diamond

VOD

http://www.twitch.tv/tumescentpie

Description

Time

  • Played on: Jan. 2, 2016, 10:49 p.m.
  • Length: 5:46
Show
View Real Time Build Order
Export as new Build Order

greybonez Terran - Winner!

Build Orders: Liberator Opening 

Get SALT Encoding   

  12  0:00  SCV  
  13  0:12  SCV  
  14  0:18  Supply Depot  
  14  0:25  SCV  
  15  0:40  SCV  
  15  0:41  Barracks  
  16  0:45  Refinery  
  16  0:52  SCV  
  17  1:04  SCV  
  17  1:07  Refinery  
  18  1:17  SCV  
  19  1:29  Orbital Command, Marine  
  20  1:37  Supply Depot  
  20  1:47  Factory  
  20  1:49  Marine  
  21  1:55  SCV  
  21  2:09  Marine  
  21  2:12  SCV  
  23  2:26  SCV  
  24  2:34  Barracks Reactor, Starport  
  24  2:37  Factory Tech Lab  
  24  2:40  SCV  
  25  2:46  Supply Depot  
  24  2:56  Liberator  
  23  2:59  Siege Tank  
  23  3:00  SCV  
  25  3:12  SCV  
  25  3:18  Marine  
  27  3:25  SCV  
  27  3:26  Marine  
  25  3:37  SCV  
  24  3:49  SCV  
  21  4:03  SCV  
  22  4:14  Starport Tech Lab  
  22  4:15  SCV  
  23  4:17  Barracks Tech Lab  
  23  4:23  Supply Depot  
  23  4:27  SCV  
  23  4:29  Supply Depot  
  24  4:36  Siege Tank  
  22  4:41  SCV, Marauder  
  25  4:46  Supply Depot  
  25  4:50  Banshee  
  24  5:10  SCV  
  17  5:33  SCV  
Show
View Real Time Build Order
Export as new Build Order

LilDicky Terran 

Build Orders:  

Get SALT Encoding   

  12  0:01  SCV  
  13  0:13  SCV  
  14  0:19  Supply Depot  
  14  0:27  SCV  
  15  0:40  SCV  
  16  0:44  Barracks  
  16  0:53  SCV  
  17  0:59  Barracks  
  17  1:05  Barracks  
  17  1:11  SCV  
  18  1:23  SCV  
  19  1:30  Marine  
  19  1:31  Supply Depot  
  20  1:35  Orbital Command  
  20  1:47  Marine  
  20  1:49  Marine  
  20  1:52  Marine  
  23  2:04  Marine  
  23  2:07  Marine  
  25  2:10  Marine  
  26  2:22  Marine  
  26  2:25  Marine  
  26  2:28  Marine  
  29  2:40  Marine  
  29  2:43  Marine  
  31  2:47  Marine  
  31  3:00  Marine  
  31  3:03  Marine  
  30  3:16  Marine  
  30  3:18  Marine  
  30  3:21  Marine  
  31  3:36  Marine x2  
  31  3:39  Marine  
  30  3:54  Marine x2  
  22  3:57  Marine  
  22  4:01  SCV  
  22  4:12  Marine x2  
  22  4:14  Marine  
  22  4:16  Supply Depot  
  25  4:19  SCV  
  20  4:40  Marine x3  
  22  5:13  Marine x3  
  19  5:32  SCV  
Tags
 
Add a new tag
Caveats
  • Supply blocks, unpowered buildings, or Contaminate may cause inaccurate times.
  • Supply counts are checked every 10 seconds.